 Dungeon Crawl Stone Soup version 0.22-a0-282-gdd34a7d (webtiles) character file.

737 b5mith the Skirmisher (level 7, -2/63 HPs)
             Began as a Minotaur Berserker on Mar 17, 2018.
             Was a Priest of Trog.
             Killed by divine providence
             ... invoked by an orc priest
              (12 damage)
             ... on level 5 of the Dungeon.
             The game lasted 00:07:33 (3206 turns).

b5mith the Skirmisher (Minotaur Berserker)          Turns: 3206, Time: 00:07:33

Health: -2/63      AC:  6    Str: 24    XL:     7   Next: 46%
Magic:  6/6        EV: 13    Int:  4    God:    Trog [***...]
Gold:   123        SH:  0    Dex:  9    Spells: 6/6 levels left

rFire    . . .     SeeInvis +   a - +0 falchion
rCold    + . .     Gourm    .   (no shield)
rNeg     + . .     Faith    .   f - +0 ring mail
rPois    .         Spirit   .   (helmet restricted)
rElec    .         Reflect  .   s - scarf {cloud immunity}
rCorr    .         Harm     .   (no gloves)
MR       .....                  (no boots)
Stlth    ..........             r - amulet of the acrobat
HPRegen  0.20/turn              k - ring of positive energy
MPRegen  0.10/turn              B - ring "Paas" {rC+ SInv}

@: berserk cooldown, slowed, very slow
A: retaliatory headbutt, horns 2
a: Berserk, Trog's Hand, Renounce Religion


You were on level 5 of the Dungeon.
You worshipped Trog.
Trog was most pleased with you.
You were very hungry.

You visited 1 branch of the dungeon, and saw 5 of its levels.

You collected 123 gold pieces.

Inventory:

Hand Weapons
 a - a +0 falchion (weapon)
Missiles
 d - 3 tomahawks
 x - 2 javelins (quivered)
Armour
 b - a +0 animal skin
 f - a +0 ring mail (worn)
 s - a scarf of cloud immunity (worn)
Jewellery
 k - a ring of positive energy (left hand)
 r - an amulet of the acrobat (around neck)
 B - the ring "Paas" (right hand) {rC+ SInv}
   (You found it on level 5 of the Dungeon)

   [ring of see invisible]

   It protects you from cold.
   It lets you see invisible.
Wands
 m - a wand of acid (8)
 w - a wand of flame (11)
 y - a wand of enslavement (14)
 A - a wand of paralysis (6)
Scrolls
 h - 8 scrolls of identify {unknown}
 i - 2 scrolls of remove curse {unknown}
 j - a scroll of teleportation {unknown}
 n - a scroll of enchant weapon {unknown}
 t - a scroll of amnesia {unknown}
 u - a scroll of enchant armour {unknown}
 z - a scroll of immolation {unknown}
 C - a scroll of magic mapping {unknown}
Potions
 e - 2 potions of ambrosia {unknown}
 g - 2 potions of mutation {unknown}
 l - a potion of degeneration {unknown}
 o - a potion of agility {unknown}
 p - a potion of berserk rage {unknown}
 q - a potion of curing {unknown}
 v - 2 potions of flight {unknown}
Comestibles
 c - 8 rations
 D - a chunk of flesh


   Skills:
 + Level 6.2 Fighting
 + Level 6.1 Long Blades
 + Level 5.4 Armour
 + Level 4.9 Dodging


You had 6 spell levels left.
You didn't know any spells.

Dungeon Overview and Level Annotations

Branches:
Dungeon (5/15)
 Temple: D:4-7

Altars:
Trog


Innate Abilities, Weirdness & Mutations

You reflexively headbutt those who attack you in melee.
You have a pair of horns on your head.


Message History

Found a ration.
Things that are here:
an enchanted dagger; a robe; an orc corpse You feel a strong urge to attack something.
You are no longer berserk.
You are exhausted.
You feel yourself slow down.
The orc priest casts a cantrip, but nothing happens.
The orc warrior misses you.
You closely miss the orc priest.
The orc priest mumbles some strange prayers to Beogh against you.
You struggle to resist.
The orc warrior hits you from afar with a glaive!
* * * LOW HITPOINT WARNING * * *
You closely miss the orc priest. The orc priest hits you with a club.
* * * LOW HITPOINT WARNING * * *
The orc warrior barely misses you.
The orc priest invokes the aid of Beogh against you.
Beogh smites you!
You die...

###.. ..%.# ....#
....### .......
....#.. ##o......
####@....#
###.o).##### #.
##...####
#.######..##### ##
#...!...$.....#####.
##.................
#.................
#................#
#................###
..


You could see an orc warrior and an orc priest.

Vanquished Creatures
  Sigmund (D:4)
  The ghost of IDontKnowAskThatGuy the Grave Robber, an amateur HuNe (D:3)
  An ogre (D:4)
  A scorpion (D:5)
  An orc wizard (D:5)
  Ijyb (D:4)
  Natasha (thrice) (D:4)
  An iguana (D:4)
  A hound skeleton (D:4)
  Robin (D:3)
  A gnoll (D:1)
  3 adders
  An ooze (D:2)
  A worm (D:2)
  A dart slug (D:3)
  3 leopard geckos
  9 orcs
  5 bats
  3 giant cockroaches (D:1)
  20 goblins
  13 hobgoblins
  4 jackals (D:4)
  4 quokkas
  2 ball pythons
  3 frilled lizards
  3 kobolds
  12 rats
100 creatures vanquished.

Notes
Turn   | Place    | Note
-------+----------+-------------------------------------------
     0 | D:1      | b5mith the Minotaur Berserker began the quest for the Orb.
     0 | D:1      | Reached XP level 1. HP: 19/19 MP: 0/0
   228 | D:1      | Reached XP level 2. HP: 26/27 MP: 1/1
   502 | D:1      | Reached XP level 3. HP: 22/33 MP: 2/2
  1124 | D:2      | Reached ** piety under Trog
  1215 | D:2      | Reached XP level 4. HP: 41/41 MP: 3/3
  1658 | D:3      | Noticed Robin
  1669 | D:3      | Killed Robin
  1869 | D:3      | Noticed IDontKnowAskThatGuy's ghost (amateur HuNe)
  1882 | D:3      | Killed IDontKnowAskThatGuy's ghost
  1882 | D:3      | Reached skill level 5 in Long Blades
  1882 | D:3      | Reached XP level 5. HP: 32/47 MP: 4/4
  2052 | D:3      | Reached skill level 5 in Fighting
  2584 | D:4      | Reached XP level 6. HP: 56/56 MP: 5/5
  2647 | D:4      | Noticed Natasha
  2652 | D:4      | Killed Natasha
  2652 | D:4      | Reached *** piety under Trog
  2854 | D:4      | Noticed Sigmund
  2865 | D:4      | Killed Sigmund
  2865 | D:4      | Reached skill level 5 in Armour
  2865 | D:4      | Reached XP level 7. HP: 47/62 MP: 6/6
  2897 | D:4      | Noticed Ijyb
  2904 | D:4      | Killed Ijyb
  2947 | D:4      | Noticed Natasha
  2956 | D:4      | Killed Natasha
  3082 | D:4      | Noticed Natasha
  3090 | D:4      | Killed Natasha
  3145 | D:5      | Entered Level 5 of the Dungeon
  3152 | D:5      | Found a bloodstained altar of Trog.
  3167 | D:5      | Got a clouded marble ring
  3168 | D:5      | Identified the ring "Paas" {rC+ SInv} (You found it on level 5 of the Dungeon)
  3206 | D:5      | Killed from afar by an orc priest

Vault maps used:
D:1:      dpeg_arrival_pits, grunt_decor_one_mirror, minmay_split_cup_small
D:3:      first_ration, uniq_robin
D:4:      uniq_ijyb, uniq_sigmund, uniq_natasha
D:5:      bloody_trog, temple_green, nicolae_tso_swordbearing_angel

Skill      XL: |  1  2  3  4  5  6  7 |
---------------+----------------------+-----
Long Blades    | 4 5 6 |  6.1
Fighting       | 4 5 6 |  6.2
Armour         | 3 4 5 |  5.4
Dodging        | 3 4 |  4.9

Action                   |  1- 3 |  4- 6 |  7- 9 || total
-------------------------+-------+-------+-------++-------
Melee: Falchion          |    96 |    84 |    24 ||   204
       Headbutt          |    17 |    22 |     5 ||    44
Throw: Javelin           |       |     8 |     3 ||    11
       Tomahawk          |       |     1 |       ||     1
Invok: Berserk           |       |     1 |     1 ||     2
  Eat: Chunk             |     1 |     6 |     1 ||     8
Armor: Animal skin       |     2 |       |       ||     2
       Ring mail         |    33 |    22 |     2 ||    57
Dodge: Dodged            |    51 |    57 |    15 ||   123
       Rpst.: Falchion   |    14 |    13 |       ||    27

Table legend:
 A = Spawn XP
 B = Non-spawn XP
 C = Spawn XP percentage of total XP
 D = Spawn monster count
 E = Non-spawn monster count
 F = Spawn count percentage of total count
 G = Total turns spent on level
                    A         B        C        D         E        F      G
               +---------+---------+-------+---------+---------+-------+---------
         Total |       0 |    1054 |   0.0 |       0 |     100 |   0.0 |  3206
               +---------+---------+-------+---------+---------+-------+---------
           D:1 |       0 |      50 |   0.0 |       0 |      22 |   0.0 |   863
           D:2 |       0 |      57 |   0.0 |       0 |      22 |   0.0 |   795
           D:3 |       0 |     256 |   0.0 |       0 |      32 |   0.0 |   923
           D:4 |       0 |     574 |   0.0 |       0 |      19 |   0.0 |   564
           D:5 |       0 |     117 |   0.0 |       0 |       5 |   0.0 |    61
               +---------+---------+-------+---------+---------+-------+---------
